 Dungeon Crawl Stone Soup version 0.28.0-53-g5a82cb258f (webtiles) character file.

Game seed: 15984917010741898919

34294 Labrat the Thaumaturge (level 13, -4/113 HPs)
             Began as a Demigod Conjurer on July 12, 2022.
             Slain by an angel
             ... wielding a +3 sacred scourge of holy wrath
              (15 damage)
             ... on level 2 of the Abyss.
             The game lasted 01:05:44 (24196 turns).

Labrat the Thaumaturge (Demigod Conjurer)          Turns: 24196, Time: 01:05:45

Health: -4/113     AC: 12    Str: 18    XL:     13   Next: 11%
Magic:  22/33      EV: 12    Int: 42    God:
Gold:   644        SH:  0    Dex: 12    Spells: 14/36 levels left

rFire   . . .      SeeInvis .   f - +8 falchion "Ogreslayer" {spect, Will- Str+10}
rCold   . . .      Faith    .   (no shield)
rNeg    . . .      Spirit   .   A - +0 steam dragon scales
rPois   .          Reflect  .   (no helmet)
rElec   .          Harm     .   P - +0 cloak
rCorr   .          Rampage  .   F - +0 pair of gloves {hurl}
Will    .....                   l - +0 pair of boots
Stlth   +.........              (no amulet)
HPRegen 0.28/turn               I - +4 ring of protection
MPRegen 0.23/turn               U - +6 ring of intelligence

@: about to teleport, glowing, studying 2 skills
A: high MP 1, forlorn, divine attributes
a: no special abilities


You were on level 2 of the Abyss.
You visited 3 branches of the dungeon, and saw 17 of its levels.
You visited the Abyss 1 time.
You also visited: Volcano.

You collected 1216 gold pieces.
You spent 572 gold pieces at shops.

Inventory:

Hand Weapons
 f - the +8 falchion "Ogreslayer" (weapon) {spect, Will- Str+10}
   (You found it on level 2 of the Dungeon)

   When its wielder attacks, the weapon's spirit leaps out and strikes again.
   The spirit shares a part of any damage it takes with its wielder.
   Str:       It affects your strength (+10).
   Will:      It decreases your willpower.
 x - the +3 spear of the Forsaken Mouths {drain, Contam *Slow rPois rN++}
   (You took it off an orc on level 7 of the Dungeon)

   A truly terrible weapon, it drains the life of any living foe it strikes.
   rPois:     It protects you from poison.
   rN:        It greatly protects you from negative energy.
   Contam:    It causes magical contamination when unequipped.
   *Slow:     It may slow you when you take damage.
 G - the +7 war axe of Keteoc {venom, rC+ Str-3 Int+4}
   (You found it on level 1 of the Lair of Beasts)

   It poisons the flesh of those it strikes.
   Str:       It affects your strength (-3).
   Int:       It affects your intelligence (+4).
   rC:        It protects you from cold.
Missiles
 m - 40 poisoned darts
 z - 2 throwing nets
 L - 7 javelins
Armour
 l - a +0 pair of boots (worn)
 y - a +1 pair of gloves
 A - +0 steam dragon scales (worn)
 F - a +0 pair of gloves of hurling (worn)
 P - a +0 cloak (worn)
 V - a +4 ring mail of fire resistance
Jewellery
 I - a +4 ring of protection (left hand)
 R - a ring of flight
 U - a +6 ring of intelligence (right hand)
 W - a ring of wizardry
 X - an amulet of guardian spirit
Wands
 a - a wand of charming (2)
 s - a wand of digging (10)
 v - a wand of iceblast (10)
 C - a wand of flame (27)
 T - a wand of mindburst (1)
Scrolls
 e - 2 scrolls of vulnerability
 j - 6 scrolls of teleportation
 o - 4 scrolls of enchant armour
 p - a scroll of enchant weapon {unknown}
 r - 3 scrolls of fear
 w - 2 scrolls of summoning {unknown}
 D - a scroll of fog {unknown}
 K - 2 scrolls of magic mapping
 N - 2 scrolls of amnesia {unknown}
 O - a scroll of blinking {unknown}
 S - 2 scrolls of immolation
 Y - 2 scrolls of identify
Potions
 b - a potion of magic {unknown}
 c - a potion of experience {unknown}
 d - 4 potions of mutation
 g - 5 potions of curing
 h - 5 potions of lignification
 i - 4 potions of attraction
 k - 7 potions of flight
 n - 5 potions of heal wounds
 q - a potion of haste {unknown}
 t - 3 potions of resistance {unknown}
 u - 2 potions of invisibility
 B - a potion of brilliance {unknown}
 E - a potion of berserk rage {unknown}
 J - a potion of degeneration {unknown}
 M - 3 potions of might
Miscellaneous
 H - a box of beasts (inert)
 Q - a lightning rod (3/4)


   Skills:
 + Level 10.3 Fighting
 - Level 1.7 Dodging
 - Level 1.7 Stealth
 - Level 12.0 Spellcasting
 + Level 11.8 Conjurations
 + Level 1.7 Ice Magic
 - Level 8.0 Evocations


You had 14 spell levels left.
You knew the following spells:

 Your Spells              Type           Power      Damage    Failure   Level
a - Magic Dart            Conj           100%       1d8       0%          1
b - Searing Ray           Conj           100%       2d8       0%          2
c - Iskenderun's Mystic   Conj/Tloc      66%        2d14      1%          4
d - Fulminant Prism       Conj/Hex       33%        3d16      1%          4
e - Ozocubu's Refrigerat  Ice            20%        4d9       99%         7
f - Olgreb's Toxic Radia  Pois           25%        N/A       12%         4

Your spell library contained the following spells:

 Spells                   Type           Power      Damage    Failure   Level
 Animate Skeleton         Necr           50%        N/A       1%          1
 Beastly Appendage        Tmut           50%        N/A       1%          1
 Pain                     Necr           100%       1d9       1%          1
 Corpse Rot               Necr/Air       50%        N/A       1%          2
 Wereblood                Tmut           25%        N/A       1%          2
 Dazzling Flash           Conj/Hex       100%       N/A       1%          3
 Spider Form              Tmut/Pois      25%        N/A       3%          3
 Tukima's Dance           Hex            25%        N/A       3%          3
 Vampiric Draining        Necr           25%        2d7       3%          3
 Summon Ice Beast         Ice/Summ       32%        N/A       9%          4
 Anguish                  Hex/Necr       12%        N/A       12%         4
 Dispel Undead            Necr           25%        3d12      12%         4
 Petrify                  Tmut/Erth      25%        N/A       12%         4
 Metabolic Englaciation   Hex/Ice        16%        N/A       24%         5
 Summon Mana Viper        Hex/Summ       25%        N/A       34%         5
 Death Channel            Necr           12%        N/A       88%         6
 Statue Form              Tmut/Erth      16%        N/A       88%         6
 Enfeeble                 Hex            12%        N/A       100%        7
 Monstrous Menagerie      Summ           12%        N/A       100%        7
 Ignition                 Fire           12%        3d6       100%        8


Dungeon Overview and Level Annotations

Branches:
Dungeon (10/15)            Temple (1/1) D:5            Lair (6/6) D:10
  Swamp (0/4) Lair:2        Snake (0/4) Lair:4        Slime (0/5) Lair:5
Volcano (visited)
    Orc: D:9-12

Shops:
D:3 [   D:7 *

Annotations:
Lair:3 Lindwurms
Lair:6 2 runed translucent doors, Ituch's ghost, journeyman GrEE; Josephine; Kirke


Innate Abilities, Weirdness & Mutations

You have an increased reservoir of magic. (+10% MP)
You shall have no god before yourself.
Your divine heritage dramatically boosts your attributes as you level up.


Message History

The large abomination slams into the rock wall!
The large abomination is heavily damaged.
Unknown command.
Unknown command.
Casting: Iskenderun's Mystic Blast (mildly dangerous; 1% risk of failure)
Confirm with . or Enter, or press ? or * to list all spells.
You erupt in a blast of force!
The mystic blast hits the efreet.
The efreet is almost dead.
The efreet is knocked back by the mystic blast.
The efreet slams into the stone wall!
The efreet is almost dead.
The mystic blast hits the angel!
The angel is lightly wounded.
The angel is knocked back by the mystic blast.
The angel slams into the stone wall!
The angel is lightly wounded.
The mystic blast hits the large abomination.
The large abomination is heavily damaged.
The large abomination is knocked back by the mystic blast.
The large abomination slams into the rock wall!
The large abomination hits you! The efreet gestures at you.
The bolt of fire hits you!!
* * * LOW HITPOINT WARNING * * *
Unknown command.
As you read the scroll of teleportation, it crumbles to dust.
You feel strangely unstable.
You feel the power of the Abyss delaying your translocation!
A large abomination comes into view.
The angel hits you with a +3 sacred scourge of holy wrath!
* * * LOW HITPOINT WARNING * * *
The angel barely misses you.
As you read the scroll of fear, it crumbles to dust.
You assume a fearsome visage.
The red ugly thing easily resists.
The efreet looks frightened!
The angel easily resists.
The hellephant resists with almost no effort.
The large abomination is unaffected.
The efreet looks frightened!
The large abomination is unaffected.
The angel hits you with a +3 sacred scourge of holy wrath!
You die...

#.... .###.#
##.##....#..#
#.#.#.#.#.. .
#..#.....#. ##
#..##..#..§#
##$##.≈##.#.###...
#(.☼#..≈....§ ##
#u#R#....X## #A@Y#
## # #)#R#X#
.≈.(#○.?# ###≈#
#○## #. ## . ##


You could see a hellephant, an angel, a red ugly thing, 2 large abominations and
2 efreet.

Vanquished Creatures
  A rakshasa (D:10)
  Harold (D:7)
  8 hydras
  7 two-headed ogres
  An ogre mage (Volcano)
  A death yak (Lair:4)
  A hell knight (Volcano)
  2 sixfirhies (Abyss:2)
  A wizard (D:10)
  A lindwurm (Lair:6)
  A deep elf pyromancer (D:10)
  A manticore (D:10)
  3 elephants (Lair:6)
  3 black mambas
  A molten gargoyle (Volcano)
  9 cane toads
  2 unseen horrors
  A gargoyle (D:10)
  A rime drake (Lair:5)
  8 komodo dragons
  A troll (D:9)
  2 polar bears
  Prince Ribbit (D:6)
  A hornet (shapeshifter) (D:9)
  4 blink frogs (Lair:5)
  A harpy skeleton (Abyss:2)
  Sigmund (D:2)
  5 wyverns
  3 basilisks
  A ynoxinul (Abyss:2)
  Eustachio (D:6)
  A hog (Lair:5)
  6 yaks
  6 fire bats (Volcano)
  3 steam dragons
  Menkaure (D:4)
  3 nagas (Lair:4)
  9 water moccasins
  2 hell hounds (Lair:6)
  Duvessa (D:7)
  3 orc warriors
  2 sky beasts
  2 necrophages (D:6)
  A black bear (D:7)
  An ogre (D:5)
  8 centaurs
  9 wolves
  2 phantoms
  2 kobold brigands
  11 bullfrogs
  3 scorpions
  A wyvern zombie (D:7)
  Dowan (D:7)
  A water moccasin skeleton (D:5)
  5 killer bees (D:8)
  6 wights (D:8)
  2 electric eels
  7 howler monkeys
  6 lava snakes (Volcano)
  3 jellies
  4 centaur zombies
  2 hounds
  3 orc priests
  2 gnoll shamans
  A centaur skeleton (D:6)
  An iron imp (Abyss:2)
  Ijyb (D:5)
  An iguana (D:4)
  8 orc wizards
  5 hell rats (Lair:3)
  A hound skeleton (D:5)
  14 gnolls
  7 adders
  2 ufetubi
  2 dart slugs
  15 orcs
  3 ball pythons (D:1)
  6 endoplasms
  3 giant cockroaches
  6 goblins
  6 hobgoblins
  3 jackals (D:5)
  15 kobolds
  7 quokkas
  5 bats (D:1)
  5 frilled lizards
  7 rats
  A butterfly (Lair:1)
319 creatures vanquished.

Vanquished Creatures (others)
  A yak (D:9)
  4 fulminant prisms (Volcano)
  36 fungi
  45 plants
  5 withered plants (Lair:6)
91 creatures vanquished.

Grand Total: 410 creatures vanquished

Notes
Turn   | Place    | Note
-------+----------+-------------------------------------------
     0 | D:1      | Labrat the Demigod Conjurer began the quest for the Orb.
     0 | D:1      | Reached XP level 1. HP: 14/14 MP: 5/5
   122 | D:1      | Reached skill level 2 in Spellcasting
   258 | D:1      | Reached XP level 2. HP: 20/20 MP: 3/7
   718 | D:2      | Learned a level 2 spell: Searing Ray
   976 | D:1      | Reached XP level 3. HP: 26/26 MP: 1/9
  1805 | D:2      | Identified the +8 falchion "Ogreslayer" {spect, Will-
                  | Str+10}
  1850 | D:2      | Noticed Sigmund
  2258 | D:2      | Reached XP level 4. HP: 33/33 MP: 7/11
  2300 | D:2      | Reached skill level 3 in Spellcasting
  2337 | D:2      | Killed Sigmund
  2338 | D:2      | Reached skill level 4 in Spellcasting
  2338 | D:2      | Reached skill level 5 in Conjurations
  2338 | D:2      | Reached XP level 5. HP: 15/38 MP: 3/14
  2944 | D:3      | Found Alabeadoi's Antique Armour Emporium.
  3632 | D:4      | Reached XP level 6. HP: 45/45 MP: 10/16
  3904 | D:4      | Noticed Menkaure
  3909 | D:4      | Killed Menkaure
  3910 | D:4      | Reached skill level 5 in Spellcasting
  4472 | D:5      | Entered Level 5 of the Dungeon
  4524 | D:5      | Found a staircase to the Ecumenical Temple.
  4618 | Temple   | Entered the Ecumenical Temple
  4626 | D:5      | Reached XP level 7. HP: 40/57 MP: 10/17
  4752 | D:5      | Noticed Ijyb
  4869 | D:5      | Noticed a komodo dragon
  4887 | D:5      | Killed a komodo dragon
  4888 | D:5      | Reached skill level 5 in Fighting
  5184 | D:5      | Reached XP level 8. HP: 68/68 MP: 15/20
  5402 | D:5      | Killed Ijyb
  5659 | D:5      | Reached skill level 6 in Spellcasting
  6395 | D:6      | Noticed Prince Ribbit
  6404 | D:6      | Killed Prince Ribbit
  6405 | D:6      | Reached skill level 7 in Spellcasting
  6746 | D:6      | Noticed Eustachio
  6765 | D:6      | Learned a level 4 spell: Iskenderun's Mystic Blast
  6806 | D:6      | Killed Eustachio
  6807 | D:6      | Reached XP level 9. HP: 74/74 MP: 18/23
  7594 | D:7      | Found Sod Wut's Mayhem Merchandise.
  7743 | D:7      | Reached skill level 8 in Spellcasting
  8048 | D:7      | Noticed Dowan
  8059 | D:7      | Killed Dowan
  8206 | D:7      | Noticed Duvessa
  8224 | D:7      | Killed Duvessa
  8364 | D:7      | Identified the +3 spear of the Forsaken Mouths {drain,
                  | Contam *Slow rPois rN++}
  8431 | D:7      | Reached skill level 9 in Spellcasting
  8811 | D:7      | Noticed Harold
 10150 | D:9      | Noticed a two-headed ogre
 10161 | D:9      | Killed a two-headed ogre
 10162 | D:9      | Reached skill level 10 in Spellcasting
 10162 | D:9      | Reached XP level 10. HP: 81/81 MP: 7/28
 10509 | D:9      | Reached skill level 11 in Spellcasting
 11635 | D:10     | Entered Level 10 of the Dungeon
 11908 | D:10     | Noticed a rakshasa
 11913 | D:10     | Found a staircase to the Lair.
 11917 | D:10     | Paralysed by a hornet for 1 turns
 12021 | D:10     | Noticed a two-headed ogre
 12145 | D:10     | Noticed a two-headed ogre
 12159 | D:10     | Killed a two-headed ogre
 12160 | D:10     | Reached skill level 12 in Spellcasting
 12434 | D:10     | Killed a two-headed ogre
 12640 | D:10     | Noticed a wizard
 12953 | D:7      | Killed Harold
 12954 | D:7      | Reached XP level 11. HP: 25/89 MP: 23/31
 13055 | Lair:1   | Entered Level 1 of the Lair of Beasts
 13365 | Lair:1   | Identified the +7 war axe of Keteoc {venom, rC+ Str-3
                  | Int+4}
 13404 | Lair:1   | HP: 3/91 [black mamba (16)]
 14229 | Lair:1   | Noticed an eight-headed hydra
 14240 | Lair:1   | Killed an eight-headed hydra
 14711 | Lair:2   | Noticed an eight-headed hydra
 15051 | Lair:2   | Killed an eight-headed hydra
 15052 | Lair:2   | Reached skill level 1 in Evocations
 15484 | Lair:2   | Found a staircase to the Swamp.
 15522 | Lair:2   | Identified the +3 falchion "Gokhluela" {vorpal, Int+4}
 16324 | Lair:3   | Reached skill level 10 in Conjurations
 16566 | Lair:3   | Noticed a six-headed hydra
 16576 | Lair:3   | Noticed a lindwurm
 16593 | Lair:3   | Killed a six-headed hydra
 16707 | Lair:3   | Noticed a lindwurm
 16936 | Lair:3   | Noticed a lindwurm
 17139 | Lair:4   | Noticed a six-headed hydra
 17159 | Lair:4   | Killed a six-headed hydra
 17432 | Lair:4   | Reached skill level 5 in Evocations
 17818 | Lair:4   | Noticed a six-headed hydra
 17827 | Lair:4   | Noticed a seven-headed hydra
 17840 | Lair:4   | Killed a seven-headed hydra
 17841 | Lair:4   | Reached XP level 12. HP: 60/101 MP: 12/32
 17844 | Lair:4   | Killed a six-headed hydra
 18807 | Lair:4   | Found a staircase to the Snake Pit.
 19485 | Lair:5   | Noticed a six-headed hydra
 19493 | Lair:5   | Noticed a four-headed hydra
 20215 | Lair:5   | Found a staircase to the Slime Pits.
 20348 | Lair:5   | Killed a six-headed hydra
 20523 | Lair:5   | Killed a four-headed hydra
 20930 | Lair:6   | Entered Level 6 of the Lair of Beasts
 20999 | Lair:6   | Found a dark tunnel.
 21227 | Volcano  | Entered a volcano
 21460 | Volcano  | Learned a level 4 spell: Fulminant Prism
 21706 | Volcano  | Noticed an ogre mage
 21718 | Volcano  | Killed an ogre mage
 22386 | Lair:6   | Reached skill level 10 in Fighting
 22693 | Lair:6   | Reached XP level 13. HP: 103/113 MP: 23/33
 22778 | Lair:6   | Found a large runed translucent door.
 22778 | Lair:6   | Found a large runed translucent door.
 22783 | Lair:6   | Noticed Ituch's ghost (journeyman GrEE)
 22786 | Lair:6   | Noticed Josephine
 22786 | Lair:6   | Noticed Kirke
 22987 | D:7      | Bought the Unrestrained Analects for 572 gold pieces
 22995 | D:7      | Learned a level 7 spell: Ozocubu's Refrigeration
 23000 | D:7      | Learned a level 4 spell: Olgreb's Toxic Radiance
 23253 | D:10     | Reached skill level 1 in Ice Magic
 23947 | D:10     | Cast into level 2 of the Abyss (a wizard)
 24003 | Abyss:2  | Noticed a starcursed mass
 24013 | Abyss:2  | Noticed a starcursed mass
 24192 | Abyss:2  | Noticed an angel
 24192 | Abyss:2  | Noticed a hellephant
 24196 | Abyss:2  | Slain by an angel

Illustrated notes

Levels and vault maps discovered:
D:1:      dpeg_arrival_rooms_c, layout_basic, hangedman_feature_mirror
D:2:      layout_basic, basic_altar, shapermc_ecumenical_altar_pompeii,
          uniq_sigmund
D:3:      layout_basic, serial_shops, shop
D:4:      layout_loops_ring, uniq_menkaure
D:5:      layout_cave_pools, mainiacjoe_overflow_alcove_4,
          minmay_temple_entry_ruins, uniq_ijyb
D:6:      layout_basic, amcnicky_altar_gilded, nicolae_gozag_seed_capital,
          fedhas_altar_4, mainiacjoe_overflow_alcove_2, uniq_prince_ribbit1,
          uniq_eustachio
D:7:      layout_loops_ring, mainiacjoe_overflow_alcove_1,
          eat_drink_and_be_merry_uskayaw, nicolae_ashenzari_panopticon,
          grunt_ministairs_15, minmay_shop_mayhem, nrook_mini_vaults,
          uniq_duvessa, uniq_harold
D:8:      layout_basic, vehumet_crystals, chequers_serial_rivers_room_b
D:9:      layout_basic, serial_aquarium, aquarium_bridge_square
          [aquarium_subvault_bridge, aquarium_subvault_wall,
          aquarium_subvault_balcony, aquarium_subvault_balcony],
          aquarium_window_3, aquarium_window_fake, aquarium_window_1,
          aquarium_window_1, aquarium_view_2a, aquarium_pool_double,
          hangedman_decor_push
D:10:     minmay_smoke_and_mirrors, layout_small_grid,
          mainiacjoe_overflow_catwalk, grunt_temple_overflow_open,
          lemuel_round_altar, lair_entry_dummy, minmay_shattered_shrine
Temple:   dpeg_three_leaves_temple
Lair:1:   layout_roguey, lemuel_fruit_fields
Lair:2:   layout_loops_ring, swamp_mist_pool, cheibrodos_lair_caveside_slide,
          minivault_27, hangedman_lair_unloving_vines
Lair:3:   layout_roguey, minmay_lindwurm_lava
Lair:4:   layout_gridlike, guppyfry_snake_entry_garden
Lair:5:   layout_roguey, dpeg_slime_entry_enclosed_altar, lemuel_fruit_fields,
          infiniplex_staircase_pool, lemuel_fruit_fields
Lair:6:   due_jungle_book, layout_regular_city, ebering_ghost_disaster_area,
          enter_volcano_3, nicolae_lair_liquid_snakes, uniq_josephine,
          uniq_kirke
Abyss:2:  base: D:14, bh_abyss_xom_lugonu_altar, hangedman_classic_abyss_death

Skill      XL: |  1  2  3  4  5  6  7  8  9 10 11 12 13 |
---------------+----------------------------------------+-----
Spellcasting   | 2 4 5 7 10 12 | 12.0
Conjurations   | 4 5 7 8 10 11 | 11.8
Fighting       | 3 5 8 10 | 10.3
Evocations     | 6 8 |  8.0
Ice Magic      | 1 |  1.7
Dodging        | |  1.7
Stealth        | |  1.7

Action                   |  1- 3 |  4- 6 |  7- 9 | 10-12 | 13-15 || total
-------------------------+-------+-------+-------+-------+-------++-------
Melee: Short sword       |     6 |       |       |       |       ||     6
       Falchion          |     1 |     1 |    42 |    83 |     9 ||   136
       Punch             |       |       |     4 |     1 |       ||     5
Throw: Dart              |       |       |     2 |     1 |       ||     3
 Cast: Magic Dart        |    89 |    61 |    97 |    71 |     1 ||   319
       Searing Ray       |     4 |    10 |    51 |    93 |     6 ||   164
       Iskenderun's Myst |       |       |    20 |   171 |    23 ||   214
       Fulminant Prism   |       |       |       |     4 |       ||     4
Evoke: Wand              |       |       |       |     5 |       ||     5
       Lightning rod     |       |       |       |     3 |       ||     3
       Box of beasts     |       |       |       |     1 |       ||     1
  Use: Scroll            |       |       |       |    12 |     4 ||    16
 Stab: Distracted        |       |       |     1 |     2 |       ||     3
       Sleeping          |       |       |     1 |       |       ||     1
Armor: Robe              |     1 |     1 |    19 |       |       ||    21
       Steam dragon scal |       |       |     3 |    97 |    13 ||   113
       Ring mail         |       |       |       |     2 |       ||     2
Dodge: Dodged            |    13 |     6 |    43 |   126 |    10 ||   198
